Zazza, neutral female human Tourist -.... ..*...| ....).- .......-----..--... ......^..--........ .......))......G@- ....)).........G.| ..<....|.----...f| ......|- Zazza the Rambler Experience level: 1 Strength: 12 Dexterity: 16 Constitution: 17 Intelligence: 11 Wisdom: 8 Charisma: 18 Health: 0(15) Energy: 4(4) Def: 7 Gold: 2448 Moves: 3106 Dungeon seed: Ev2j5drkqxIsNd1B Game ID: Zazza_1619017834 Your Inventory: Coins $ - 2448 gold pieces Weapons a - 28 +2 darts p - 3 +0 daggers L - a blessed +0 dagger (weapon in hand) Q - 5 blessed +1 arrows R - a +0 bow U - a +0 axe W - a +1 dwarvish short sword Armor e - an uncursed +0 dwarvish cloak q - an uncursed +0 dwarvish mithril-coat (being worn) r - an uncursed +0 pair of iron shoes z - an uncursed +0 dwarvish iron helm A - an uncursed +0 mummy wrapping V - an uncursed +0 elven cloak (being worn) X - an uncursed +0 dwarvish roundshield Y - a blessed +0 dwarvish cloak Comestibles b - 2 uncursed pears d - 4 uncursed food rations f - an uncursed cram ration g - 2 uncursed tripe rations h - an uncursed egg M - an uncursed egg Scrolls j - 4 uncursed scrolls of magic mapping m - an uncursed scroll of enchant weapon Potions i - 3 uncursed potions of extra healing s - an uncursed potion of restore ability Tools k - an expensive camera (0:82) l - an uncursed credit card t - 5 uncursed tallow candles (0:200) N - a tinning kit (0:82) P - a +0 pick-axe S - 5 uncursed partly used tallow candles (lit) (0:158) T - 7 cursed tallow candles (0:200) Gems n - an uncursed worthless piece of yellow glass y - 2 uncursed worthless pieces of violet glass Z - an uncursed worthless piece of red glass Spells and supernatural/magical abilities: Name Level Category Fail Memory W - pray for help -- divine ? -- Your skills at the end: Fighting Skills Weapon Skills dart [Basic] Spellcasting Skills Final Attributes: You were nominally aligned. You were stealthy. You are dead. Vanquished creatures: a gnome lord a gnomish wizard a kobold mummy a floating eye 2 dwarves an iguana a coyote 2 gas spores 5 hobbits a large kobold a green mold a red mold 11 gnomes 2 gnome zombies 6 geckos a jackal 3 kobolds a goblin 4 sewer rats 10 grid bugs 5 lichens 2 kobold zombies 10 newts 73 creatures vanquished. Voluntary challenges: You used a wielded weapon 4 times, starting on turn 1693. You read items or engraved 3 times, starting on turn 1289. You never genocided any monsters. You never polymorphed an object. You never changed form. You used no wishes. You never split a pudding. You never wrote Elbereth's name. You never violated your personal moral code. Dungeon overview: The Dungeons of Doom: levels 1 to 4 Level 1 a fountain, a sink a long staircase Level 2 an altar to The Lady Level 3 some fountains stairs to The Gnomish Mines Level 4 The Gnomish Mines: levels 4 to 5 Level 4 stairs to The Dungeons of Doom Level 5 <- You were here History has recorded: On T:1 you entered the Dungeons of Doom to retrieve the Amulet of Yendor! On T:575 you reached level 2 of The Dungeons of Doom. On T:1044 you reached level 3 of The Dungeons of Doom. On T:1824 you reached level 1 of The Gnomish Mines. On T:1843 you reached level 4 of The Dungeons of Doom. On T:3055 you reached level 2 of The Gnomish Mines. Score breakdown: Gold: 1599 (10899 points) Experience: 1 level ( 0 points) Exploration: 5 levels ( 10.00%) ( 8571 points) Discoveries: 1 item ( 0.34%) ( 1737 points) Valuables value: (no points given unless you survive) Artifact value: 0 ( 0 points) Variety of kills: 23 monsters ( 6.04%) ( 7370 points) Turncount: 3106 turns ( -651 points) Survival: died (score multiplied by 80%) Total score: 22340 Latest messages: Armand falls into a pit! You displace Armand. The gnomish wizard points at you, then curses. You see here a dart. The gnomish wizard points at you, then curses. The gnomish wizard points all around, then curses. You are beginning to feel hungry. The gnomish wizard points at you, then curses. You displace Armand. The gnomish wizard casts a spell! The gnomish wizard looks better. The gnomish wizard points at you, then curses. (2x) You displace Armand. You are hit by a dart. The gnomish wizard points at you, then curses. You hear a distant squeak. You begin praying to The Lady. You are surrounded by a shimmering light. The gnomish wizard starts to attack you, but pulls back. (4x) You feel that The Lady is satisfied. The gnomish wizard casts a spell at you! You get a slight headache. You die... Final status: Aloha Zazza the Tourist, killed by a gnomish wizard... You died in The Gnomish Mines on dungeon level 5 with 22340 points, and 2448 pieces of gold, after 3106 moves. You were level 1 with a maximum of 15 hit points when you died.